 Dungeon Crawl Stone Soup version 0.20-a0-723-gf57855b (webtiles) character file.

98 Dolanko the Insei (level 4, -2/32 HPs)
             Began as a Demonspawn Transmuter on Feb 22, 2017.
             Slain by a kobold (4 damage)
             ... on level 2 of the Dungeon.
             The game lasted 00:04:09 (3017 turns).

Dolanko the Insei (Demonspawn Transmuter)           Turns: 3017, Time: 00:04:10

Health: -2/32      AC:  2    Str: 11    XL:     4   Next: 43%
Magic:  8/8        EV: 12    Int: 15    God:
Gold:   49         SH:  0    Dex: 13    Spells: 7/8 levels left

rFire    + . .     SeeInvis +     - Unarmed
rCold    . . .     Gourm    .   b - +0 robe
rNeg     . . .     Faith    .   (no shield)
rPois    .         Spirit   .   (no helmet)
rElec    .         Reflect  .   (no cloak)
rCorr    .         Harm     .   (no gloves)
MR       .....                  (no boots)
Stlth    +.........             (no amulet)
Regen    0.1/turn               (no ring)
MPRegen  0.2/turn               j - ring of see invisible

@: confused, appendage, flying, very slightly contaminated, hasted, very quick
A: horns 2, talons 2, fire resistance 1
a: End Transformation


You were on level 2 of the Dungeon.
You were not hungry.
You had grown temporary horns.
You visited 1 branch of the dungeon, and saw 2 of its levels.

You collected 49 gold pieces.

Inventory:

Missiles
 a - 28 arrows
Armour
 b - a +0 robe (worn)
 i - a +0 chain mail
Jewellery
 j - a ring of see invisible (left hand)
Scrolls
 d - a scroll of remove curse {unknown}
 e - 2 scrolls of recharging {unknown}
 g - 3 scrolls of fear {unknown}
 h - 2 scrolls of identify {unknown}
 m - 2 scrolls of random uselessness {unknown}
 o - a scroll of teleportation {unknown}
Potions
 f - a potion of haste
Books
 c - a book of Changes

   Spells                             Type                      Level
   a - Beastly Appendage              Transmutation                1
   b - Sticks to Snakes               Transmutation                2
   c - Spider Form                    Transmutation/Poison         3
   d - Ice Form                       Ice/Transmutation            4
   e - Blade Hands                    Transmutation                5
Comestibles
 l - 2 meat rations
 n - a bread ration
 p - 3 chunks of flesh


   Skills:
 - Level 1.0 Fighting
 - Level 1.7 Dodging
 * Level 3.7 Unarmed Combat
 + Level 2.8 Spellcasting
 + Level 2.7 Transmutations


You had 7 spell levels left.
You knew the following spells:

 Your Spells              Type           Power        Failure   Level  Hunger
a - Beastly Appendage     Tmut           ##....       10%         1    #......


Dungeon Overview and Level Annotations

Branches:
Dungeon (2/15)

Altars:

Annotations:
D:2 Sigmund


Innate Abilities, Weirdness & Mutations

You have razor-sharp toenails.
Your flesh is heat resistant. (rF+)
You have a pair of horns on your head.


Message History

The kobold is severely wounded.
Sigmund casts a spell at you. The puff of flame hits you! You resist.
* * * LOW HITPOINT WARNING * * *
The kobold hits you.
* * * LOW HITPOINT WARNING * * *
You hit Sigmund.
Sigmund is moderately wounded.
Sigmund misses you. The kobold hits you.
* * * LOW HITPOINT WARNING * * *
It was a potion of haste.
You feel yourself speed up. The kobold hits you but does no damage.
Sigmund says, "Now you see me, now you don't..."
Sigmund hits you with a scythe.
* * * LOW HITPOINT WARNING * * *
You are very lightly contaminated with residual magic.
It was a potion of flight.
You feel very buoyant.
You fly up into the air.
The kobold hits you.
You die...

...##..##.######(.....).........
....#...# #...'<...(...........
...#...#.######......).........
#..#...#......'........#.......
#..#..#########........#.......
#..#...............#+###.......
#+#..##.##########...# ####'####
........÷......K##.#+#+..# #.#...
...#.##.######.@@......... #.#.##
...'.##.# #..##......## #.#.#.
...####.#####..###....###.##(#(#(
..K'..@.........###..###.....(..(
...###.#######...######...#.##(#.
...# #.#..........# #.......÷.).
...# #.#.####.....# #....#.##.##
.((# #...# #....######...#. #(#.
..(# ##### #...###..###. #.##.#.


You could see Sigmund and a kobold.

Vanquished Creatures
  3 gnolls (D:2)
  3 adders (D:2)
  2 leopard geckos
  3 bats
  4 giant cockroaches
  3 goblins
  3 hobgoblins
  4 jackals (D:2)
  6 kobolds
  A quokka (D:2)
  2 frilled lizards
  4 rats
38 creatures vanquished.

Notes
Turn   | Place    | Note
-------+----------+-------------------------------------------
     0 | D:1      | Dolanko the Demonspawn Transmuter began the quest for the Orb.
     0 | D:1      | Reached XP level 1. HP: 15/15 MP: 3/3
   595 | D:1      | Mutation became permanent: You have claws for feet. [demonic ancestry]
   595 | D:1      | Reached XP level 2. HP: 12/21 MP: 3/5
  1139 | D:2      | Reached skill level 3 in Unarmed Combat
  1414 | D:2      | Gained mutation: Your flesh is heat resistant. (rF+) [demonic ancestry]
  1414 | D:2      | Reached XP level 3. HP: 6/26 MP: 6/6
  2376 | D:2      | Gained mutation: You have razor-sharp toenails. [demonic ancestry]
  2376 | D:2      | Reached XP level 4. HP: 15/32 MP: 5/7
  2981 | D:2      | Noticed Sigmund
  3017 | D:2      | Slain by a kobold

Vault maps used:
D:1:      eino_arrival_cavern_c, amethyst_killhole
D:2:      first_bread, minivault_19, uniq_sigmund

Skill      XL: |  1  2 |
---------------+-------+-----
Transmutations | 2 |  2.7
Unarmed Combat | 3 |  3.7
Fighting       | |  1.0
Dodging        | |  1.7
Spellcasting   | |  2.8

Action                   |  1- 3 |  4- 6 || total
-------------------------+-------+-------++-------
Melee: Unarmed           |   113 |    52 ||   165
       Kick              |    19 |    10 ||    29
       Punch             |     1 |     1 ||     2
       Headbutt          |     9 |     2 ||    11
 Cast: Beastly Appendage |    12 |     4 ||    16
  Use: Potion            |       |     2 ||     2
  Eat: Bread ration      |     1 |       ||     1
       Chunk             |       |     3 ||     3
Armor: Robe              |     4 |     9 ||    13
Dodge: Dodged            |    78 |    46 ||   124
